 Dungeon Crawl Stone Soup version 0.19.1-1-g22dce08 (webtiles) character file.

5365 kae the Carver (level 10, 0/91 HPs)
             Began as a Minotaur Fighter on Jan 20, 2017.
             Was an Elder of Okawaru.
             Succumbed to a killer bee's poison
             ... on level 8 of the Dungeon.
             The game lasted 00:07:45 (8018 turns).

kae the Carver (Minotaur Fighter)                   Turns: 8018, Time: 00:07:46

Health: 0/91       AC: 12    Str: 27    XL:     10   Next: 39%
Magic:  13/13      EV: 11    Int:  7    God:    Okawaru [****..]
Gold:   512        SH: 15    Dex:  9    Spells: 0 memorised, 9 levels left

rFire  + . .     SeeInvis .     a - +1 long sword
rCold  + . .     Gourm    .     b - +0 scale mail
rNeg   . . .     Faith    .     c - +0 shield
rPois  +         Spirit   .     (helmet restricted)
rElec  +         Reflect  +     (no cloak)
rCorr  +         Harm     .     (no gloves)
MR     .....                    s - +1 pair of boots
Stlth  +.........               H - +4 amulet of reflection
                                B - +1 ring of slaying
                                G - +4 ring of strength

@: lethally poisoned (0 -> -1), resistant, heroism, very slightly contaminated,
invisible
A: retaliatory headbutt, horns 2
a: Heroism, Renounce Religion


You were on level 8 of the Dungeon.
You worshipped Okawaru.
Okawaru was greatly pleased with you.
You were very hungry.

You visited 1 branch of the dungeon, and saw 8 of its levels.

You collected 512 gold pieces.

Inventory:

Hand Weapons
 a - a +1 long sword (weapon)
Armour
 b - a +0 scale mail (worn)
 c - a +0 shield (worn)
 s - a +1 pair of boots (worn)
Jewellery
 d - an uncursed ring of protection from fire
 e - an uncursed amulet of faith
 t - an uncursed amulet of harm
 x - an uncursed amulet of the gourmand
 B - a +1 ring of slaying (right hand)
 G - a +4 ring of strength (left hand)
 H - a +4 amulet of reflection (around neck)
Wands
 m - a wand of lightning (4/15)
 u - a wand of random effects (20/48)
 v - a wand of polymorph (17/24)
 y - a wand of paralysis (5/24)
 z - a wand of acid (10/15)
 J - a wand of flame (25/48)
Scrolls
 h - 2 scrolls of recharging
 i - 3 scrolls of magic mapping
 o - 7 scrolls of remove curse
 A - 3 scrolls of fog
 E - a scroll of blinking
 F - 3 scrolls of identify
 I - 2 scrolls of fear
Potions
 p - 3 potions of brilliance
 q - 3 potions of flight
Books
 g - a book of Misfortune

   Spells                             Type                      Level
   a - Confusing Touch                Hexes                        1
   b - Confuse                        Hexes                        3
   c - Gell's Gravitas                Hexes/Translocation          3
   d - Petrify                        Transmutation/Earth          4
   e - Metabolic Englaciation         Hexes/Ice                    5
   f - Yara's Violent Unravelling     Hexes/Transmutation          5
 C - a book of Air

   Spells                             Type                      Level
   a - Shock                          Conjuration/Air              1
   b - Swiftness                      Charms/Air                   2
   c - Repel Missiles                 Charms/Air                   2
   d - Static Discharge               Conjuration/Air              3
   e - Lightning Bolt                 Conjuration/Air              5
Comestibles
 f - 5 bread rations
 j - a royal jelly
 k - 3 beef jerkies
 l - 5 meat rations
 n - 9 slices of pizza


   Skills:
 + Level 9.1(14.1) Fighting
 * Level 12.2(17.2) Long Blades
 + Level 9.4(14.4) Armour
 - Level 3.6(8.6) Shields
 + Level 5.8 Invocations


You had 9 spell levels left.
You didn't know any spells.

Dungeon Overview and Level Annotations

Branches:
Dungeon (8/15)             Temple (0/1) D:4
   Lair: D:8-11

Altars:
Cheibriados
Makhleb
Okawaru
Ru
Sif Muna
Trog
Uskayaw
Yredelemnul
Zin

Shops:
D:6 *


Innate Abilities, Weirdness & Mutations

You reflexively headbutt those who attack you in melee.
You have a pair of horns on your head.


Message History

Okawaru accepts your kill.
* * * LOW HITPOINT WARNING * * *
You feel sick.
You swing at nothing.
* * * LOW HITPOINT WARNING * * *
You feel sick.
* * * LOW HITPOINT WARNING * * *
You feel sick.
* * * LOW HITPOINT WARNING * * *
You feel sick.
* * * LOW HITPOINT WARNING * * *
You feel sick.
Okay, then.
Okay, then.
Your hearing returns.
* * * LOW HITPOINT WARNING * * *
You feel sick.
Found 15 gold pieces.
You are feeling very hungry.
You die...

#.........# ####
#..♣...♣..# #.........#
# #..♣...♣..# .#
#.........##### ..#
#..♣...♣......## ....
#..............# .....
###..♣...♣.......#....$>
#†....).........@......#
.....♣...♣..........####
###...............### #
#..♣...♣........# #
#...............#
###..♣...♣........#
..#................#
..#..♣...♣..........
.##...........


There were no monsters in sight!

Vanquished Creatures
  The ghost of dscm the Covert, a novice OpAs of Uskayaw (D:7)
  The ghost of Joat the Magician, a novice DEFE (D:5)
  Sigmund (D:3)
  The ghost of Exporg the Covered, an amateur MiFi (D:4)
  4 hogs (D:7)
  A human (D:7)
  A hungry ghost (D:7)
  4 ice beasts
  A black bear (D:8)
  4 ogres
  4 centaurs
  3 bullfrogs
  A wyvern zombie (D:6)
  3 scorpions
  10 killer bees
  5 wights (D:7)
  A howler monkey (D:4)
  5 crimson imps
  2 centaur zombies
  3 hounds
  A quasit (D:6)
  12 orc wizards
  6 orc priests
  An iguana (D:4)
  5 worker ants
  A hound zombie (D:8)
  A hound skeleton (D:6)
  A worker ant zombie (D:3)
  Robin (D:3)
  A howler monkey skeleton (D:6)
  10 adders
  5 shadow imps
  An ooze (D:5)
  An adder zombie (D:5)
  2 worms
  2 dart slugs
  8 leopard geckos
  37 orcs
  5 giant cockroaches
  14 goblins
  7 hobgoblins
  8 jackals
  5 kobolds
  3 quokkas
  4 ball pythons
  8 bats
  7 frilled lizards
  6 rats
219 creatures vanquished.

Notes
Turn   | Place    | Note
-------+----------+-------------------------------------------
     0 | D:1      | kae the Minotaur Fighter began the quest for the Orb.
     0 | D:1      | Reached XP level 1. HP: 19/19 MP: 0/0
    73 | D:1      | Reached XP level 2. HP: 22/27 MP: 1/1
    87 | D:1      | Reached skill level 3 in Long Blades
   490 | D:2      | Reached XP level 3. HP: 27/33 MP: 2/2
  1003 | D:3      | Reached skill level 4 in Long Blades
  1025 | D:3      | Reached XP level 4. HP: 8/40 MP: 3/3
  1305 | D:3      | Found a sacrificial altar of Ru.
  1305 | D:3      | Found a glowing silver altar of Zin.
  1305 | D:3      | Found a basalt altar of Yredelemnul.
  1305 | D:3      | Found a deep blue altar of Sif Muna.
  1401 | D:3      | Noticed Robin
  1431 | D:3      | Killed Robin
  1431 | D:3      | Reached skill level 5 in Long Blades
  1552 | D:3      | Reached XP level 5. HP: 24/47 MP: 4/4
  1867 | D:3      | Found a hide-covered altar of Uskayaw.
  1867 | D:3      | Found a bloodstained altar of Trog.
  1915 | D:3      | Noticed an ice beast
  1918 | D:3      | Reached skill level 5 in Fighting
  1931 | D:3      | Killed an ice beast
  1931 | D:3      | Reached skill level 6 in Long Blades
  1931 | D:3      | Reached skill level 5 in Armour
  1931 | D:3      | Reached XP level 6. HP: 31/56 MP: 5/5
  2082 | D:3      | Noticed Sigmund
  2099 | D:3      | Killed Sigmund
  2213 | D:3      | Reached skill level 7 in Long Blades
  2213 | D:3      | Reached XP level 7. HP: 61/62 MP: 6/6
  2718 | D:3      | Found an iron altar of Okawaru.
  2757 | D:3      | Became a worshipper of Warmaster Okawaru
  3288 | D:4      | Found a staircase to the Ecumenical Temple.
  3325 | D:4      | Noticed Exporg's ghost (amateur MiFi)
  3341 | D:4      | Killed Exporg's ghost
  3341 | D:4      | Reached skill level 1 in Invocations
  3400 | D:4      | Reached skill level 8 in Long Blades
  4173 | D:4      | Reached XP level 8. HP: 57/70 MP: 8/8
  4314 | D:5      | Entered Level 5 of the Dungeon
  4321 | D:5      | Found a burning altar of Makhleb.
  4393 | D:5      | Reached * piety under Okawaru
  4410 | D:5      | Noticed Joat's ghost (novice DEFE)
  4422 | D:5      | Killed Joat's ghost
  4422 | D:5      | Reached skill level 9 in Long Blades
  5086 | D:6      | Reached ** piety under Okawaru
  5143 | D:6      | Found Liek's Elemental Accessories.
  5155 | D:6      | Reached XP level 9. HP: 21/79 MP: 10/10
  5545 | D:6      | Reached skill level 10 in Long Blades
  6151 | D:7      | Noticed dscm's ghost (novice OpAs)
  6168 | D:7      | Killed dscm's ghost
  6168 | D:7      | Reached *** piety under Okawaru
  6389 | D:7      | Reached skill level 11 in Long Blades
  6811 | D:7      | Reached skill level 5 in Invocations
  6943 | D:7      | Reached **** piety under Okawaru
  6995 | D:7      | Reached XP level 10. HP: 82/90 MP: 12/12
  7114 | D:7      | Reached skill level 12 in Long Blades
  7351 | D:7      | Found a faded altar of an unknown god.
  7351 | D:7      | Found a faded altar of an unknown god.
  7356 | D:7      | Found a snail-covered altar of Cheibriados.
  7358 | D:7      | Found a faded altar of an unknown god.
  7360 | D:7      | Found a faded altar of an unknown god.
  8008 | D:8      | HP: 4/91 [poisoned by a killer bee]
  8014 | D:8      | HP: 1/91 [poisoned by a killer bee]
  8018 | D:8      | Succumbed to a killer bee's poison

Skill      XL: |  1  2  3  4  5  6  7  8  9 10 |
---------------+-------------------------------+-----
Long Blades    | 3 4 5 6 7 8 9 11 12 | 12.2
Fighting       | 4 5 6 7 8 9 |  9.1
Armour         | 4 5 6 7 8 9 |  9.4
Invocations    | 1 3 5 |  5.8
Shields        | |  3.6

Action                   |  1- 3 |  4- 6 |  7- 9 | 10-12 || total
-------------------------+-------+-------+-------+-------++-------
Melee: Long sword        |    69 |   122 |   416 |    87 ||   694
       Headbutt          |    14 |    21 |    91 |    20 ||   146
Invok: Heroism           |       |       |     2 |     4 ||     6
  Use: Potion            |       |     6 |     1 |     3 ||    10
       Scroll            |       |       |    12 |     1 ||    13
 Stab: Invisible         |       |       |       |     1 ||     1
  Eat: Chunk             |       |     4 |    29 |       ||    33
Armor: Scale mail        |    29 |    86 |   146 |    29 ||   290
       Skin              |       |       |    17 |       ||    17
Dodge: Dodged            |    21 |    33 |    97 |    25 ||   176
Block: Shield            |    43 |    73 |   157 |    57 ||   330
       Reflection        |       |       |     1 |     2 ||     3
       Rpst.: Long sword |     5 |     7 |    28 |     5 ||    45
